 Dungeon Crawl Stone Soup version 0.28-a0-1447-ga5a8893891 (webtiles) character file.

Game seed: 4249595950434863832

722 shadowrider38 the Gusty (level 7, -3/54 HPs)
             Began as a Mummy Air Elementalist on Jan 12, 2022.
             Was an Initiate of Vehumet.
             Slain by Duvessa (7 damage)
             ... on level 4 of the Dungeon.
             The game lasted 00:19:39 (7302 turns).

shadowrider38 the Gusty (Mummy Air Elementalist)    Turns: 7302, Time: 00:19:40

Health: -3/54      AC:  8    Str: 11    XL:     7   Next: 43%
Magic:  20/20      EV: 10    Int: 17    God:    Vehumet [......]
Gold:   186        SH:  0    Dex:  9    Spells: 11/12 levels left

rFire   . . .      SeeInvis .   a - +0 quarterstaff
rCold   + . .      Faith    .   (shield currently unavailable)
rNeg    + + +      Spirit   .   h - +2 ring mail "Tunnitsi" {rElec rF+ rN+++ Dex-3}
rPois   ∞          Reflect  .   (no helmet)
rElec   +          Harm     .   (no cloak)
rCorr   .          Rampage  .   g - +0 pair of gloves
Will    .....                   (no boots)
Stlth   +.........              (no amulet)
HPRegen 0.18/turn               k - ring of magical power
MPRegen 0.17/turn               (no ring)

@: no status effects
A: cold resistance 1, negative energy resistance 3, torment resistance 2, heat
vulnerability 1, no potions
a: Renounce Religion


You were on level 4 of the Dungeon.
You worshipped Vehumet.
Vehumet was noncommittal.
You visited 2 branches of the dungeon, and saw 6 of its levels.

You collected 186 gold pieces.

Inventory:

Hand Weapons
 a - a +0 quarterstaff (weapon)
Missiles
 e - 126 stones
 f - 6 boomerangs
Armour
 g - a +0 pair of gloves (worn)
 h - the +2 ring mail "Tunnitsi" (worn) {rElec rF+ rN+++ Dex-3}
   (You found it on level 3 of the Dungeon)

   Dex:       It affects your dexterity (-3).
   rF:        It protects you from fire.
   rElec:     It insulates you from electricity.
   rN:        It renders you almost immune to negative energy.
Jewellery
 k - a ring of magical power (left hand)
Wands
 j - a wand of flame (1)
Scrolls
 c - a scroll of summoning {unknown}
 d - a scroll of fear
 l - a scroll of teleportation {unknown}


   Skills:
 - Level 4.0 Fighting
 - Level 2.0 Dodging
 - Level 1.5 Stealth
 - Level 3.0 Spellcasting
 - Level 2.0 Conjurations
 - Level 5.0 Air Magic
 + Level 2.8 Evocations


You had 11 spell levels left.
You knew the following spells:

 Your Spells              Type           Power      Damage    Failure   Level
a - Shock                 Conj/Air       56%        1d6       10%         1

Your spell library contained the following spells:

 Spells                   Type           Power      Damage    Failure   Level
 Static Discharge         Conj/Air       14%        N/A       16%         2
 Swiftness                Air            19%        N/A       16%         3
 Airstrike                Air            9%         N/A       47%         4


Dungeon Overview and Level Annotations

Branches:
Dungeon (5/15)             Temple (1/1) D:5

Altars:
Cheibriados
Dithmenos
Fedhas
Gozag
Makhleb
Okawaru
Ru
Uskayaw
Vehumet
Yredelemnul
Zin
The Shining One

Shops:
D:1 *

Annotations:
D:2 exclusion: gnoll
D:4 Dowan, Duvessa, Menkaure


Innate Abilities, Weirdness & Mutations

You are immune to poison.
Your flesh is cold resistant. (rC+)
You are immune to negative energy. (rN+++)
You are immune to unholy pain and torment.
You are vulnerable to heat. (rF-)
You do not drink.


Message History

The puff of flame hits you.
Duvessa says, "My weaknesses are his strengths!"
Dowan says, "Magic and the sword, together, will defeat you."
Dowan mumbles some strange words.
Dowan blinks!
Duvessa hits you with a +0 short sword.
Press: ? - help, v - describe, . - travel
Here: Duvessa, wielding a +0 short sword, wearing a +0 ring mail and carrying a wand of flame (15) (fast)
The floor.
Press: ? - help, v - describe, . - travel
Here: Duvessa, wielding a +0 short sword, wearing a +0 ring mail and carrying a wand of flame (15) (fast)
The floor.
Unknown command.
A goblin comes into view. It is wielding a +0 club.
The goblin shouts!
The orc priest looks satisfied for a moment.
You sock the goblin!
You kill the goblin!
Vehumet accepts your kill. Duvessa barely misses you.
Duvessa zaps a wand.
The puff of flame misses you.
The orc priest looks encouraged for a moment.
Unknown command.
The orc priest looks satisfied for a moment.
Things that are here:
a +0 club; a goblin corpse You hit Duvessa.
Duvessa is lightly wounded.
Duvessa hits you with a +0 short sword. x2
Unknown command.
Unknown command.
Duvessa completely misses you. Duvessa hits you with a +0 short sword!
* * * LOW HITPOINT WARNING * * *
Unknown command.
As you read the scroll labelled BEACOA SETSE, it crumbles to dust.
It is a scroll of identify.
d - a scroll of fear Duvessa zaps a wand.
The puff of flame hits you!
* * * LOW HITPOINT WARNING * * *
Duvessa hits you with a +0 short sword!
You die...

##M####
#.########.....o.....
# #>#
#.#.......oo.#######.
#.# #.# ######S###
#.# ..# #o# ##.# ###
#o# ...# #.# ####
#####.# #.eoo.#
#@#####
...............
####.......###.
#.##.#..# #. #.#..# #
#..... .#. .## # #
....# #### .. #.# .#


You could see Duvessa (fast), an orc wizard and an orc.

Vanquished Creatures
  A wyvern (D:5)
  A water moccasin (D:4)
  2 scorpions (D:5)
  A centaur zombie (D:5)
  2 orc priests (D:3)
  A hound (D:5)
  A centaur skeleton (D:5)
  An iguana (D:5)
  An orc wizard (D:4)
  A hound skeleton (D:4)
  7 adders
  An ufetubus (D:5)
  6 worms
  A dart slug (D:4)
  2 orcs
  2 ball pythons (D:2)
  4 endoplasms
  2 giant cockroaches (D:3)
  7 goblins
  2 hobgoblins
  9 quokkas
  5 bats
  5 frilled lizards
  8 kobolds
  8 rats
81 creatures vanquished.

Vanquished Creatures (others)
  5 plants (D:2)
5 creatures vanquished.

Grand Total: 86 creatures vanquished

Notes
Turn   | Place    | Note
-------+----------+-------------------------------------------
     0 | D:1      | shadowrider38 the Mummy Air Elementalist began the quest
                  | for the Orb.
     0 | D:1      | Reached XP level 1. HP: 13/13 MP: 4/4
   172 | D:1      | Found Kouclac's Assorted Antiques.
   424 | D:1      | Reached skill level 1 in Fighting
   692 | D:1      | Reached XP level 2. HP: 22/22 MP: 5/5
  1656 | D:2      | Reached XP level 3. HP: 24/27 MP: 0/7
  2046 | D:2      | Reached skill level 3 in Air Magic
  2300 | D:2      | Reached skill level 1 in Conjurations
  2751 | D:2      | Reached XP level 4. HP: 33/33 MP: 3/8
  3785 | D:3      | Identified the +2 ring mail "Tunnitsi" {rElec rF+ rN+++
                  | Dex-3}
  3808 | D:3      | Found a radiant altar of Vehumet.
  3972 | D:3      | Found a faded altar of an unknown god.
  4090 | D:3      | Found an opulent altar of Gozag.
  4284 | D:3      | Became a worshipper of Vehumet
  4721 | D:4      | Reached XP level 5. HP: 41/41 MP: 9/9
  4742 | D:4      | Noticed a water moccasin
  4748 | D:4      | Killed a water moccasin
  5239 | D:4      | Reached XP level 6. HP: 21/48 MP: 3/10
  5496 | D:3      | Reached skill level 4 in Air Magic
  5776 | D:4      | Noticed Menkaure
  5795 | D:5      | Entered Level 5 of the Dungeon
  6067 | D:5      | Found a staircase to the Ecumenical Temple.
  6246 | Temple   | Entered the Ecumenical Temple
  6477 | D:5      | Noticed a wyvern
  6488 | D:5      | Killed a wyvern
  6489 | D:5      | Reached skill level 5 in Air Magic
  6489 | D:5      | Reached XP level 7. HP: 11/54 MP: 11/11
  7280 | D:4      | Noticed Duvessa
  7281 | D:4      | Noticed Dowan
  7302 | D:4      | Slain by Duvessa

Illustrated notes

Levels and vault maps discovered:
D:1:      roderic_octagonal_star, layout_loops_ring, serial_shops,
          nicolae_shop_trees, minmay_tromino_v2
D:2:      layout_loops_ring, st_stairs_3, serial_bayou_pond_e,
          lexackson_kobold_supper
D:3:      layout_rooms, pdpol_temple_overflow_zin_treasury_gozag_greed,
          mainiacjoe_overflow_paths, chequers_ecumenical_altar_island
D:4:      layout_loops_ring, minmay_checkerbox, uniq_duvessa,
          uniq_blork_the_orc, uniq_menkaure
D:5:      layout_basic, minmay_temple_entry_mist
Temple:   nicolae_temple_figure_zero

Skill      XL: |  1  2  3  4  5  6 |
---------------+-------------------+-----
Fighting       | 1 2 3 4 |  4.0
Dodging        | 2 |  2.0
Spellcasting   | 3 |  3.0
Air Magic      | 3 5 |  5.0
Conjurations   | 1 2 |  2.0
Evocations     | 2 |  2.8
Stealth        | |  1.5

Action                   |  1- 3 |  4- 6 |  7- 9 || total
-------------------------+-------+-------+-------++-------
Melee: Unarmed           |    10 |       |       ||    10
       Short sword       |    40 |       |       ||    40
       Quarterstaff      |    13 |    53 |     6 ||    72
 Cast: Shock             |    72 |   104 |    17 ||   193
Evoke: Wand              |       |    20 |     1 ||    21
  Use: Scroll            |       |       |     1 ||     1
 Stab: Distracted        |     1 |       |       ||     1
Armor: Robe              |     6 |       |       ||     6
       Leather armour    |     8 |     9 |       ||    17
       Ring mail         |       |    34 |    16 ||    50
Dodge: Dodged            |    33 |    49 |    16 ||    98

Table legend: (Time is in decaauts)
 A = Elapsed time spent in this place.
 B = Non-inter-level travel time spent in this place.
 C = Inter-level travel time spent in this place.
 D = Time resting spent in this place.
 E = Time spent auto-exploring this place.
 F = Levels seen in this place.
 G = Mean time per level.
                   A        B        C        D        E       F      G
               +--------+--------+--------+--------+--------+-----+--------+
         Total |   7340 |   7173 |    167 |   3526 |   2723 |   6 | 1223.3 |
       Dungeon |   7168 |   7010 |    158 |   3526 |   2562 |   5 | 1433.6 |
        Temple |    171 |    162 |      9 |      0 |    161 |   1 |  171.0 |
               +--------+--------+--------+--------+--------+-----+--------+

Top non-repeatable levels by time:
     D:2: 2087 daAuts
     D:3: 1586 daAuts
     D:1: 1406 daAuts
     D:5: 1311 daAuts
     D:4: 777 daAuts
  Temple: 171 daAuts
